 Dungeon Crawl Stone Soup version 0.31-a0-1002-g8e65716e6e (webtiles) character file.

Game seed: 1336602948341875141

30012 Malachi the Tortoise (level 13, -2/127 HPs)
             Began as an Armataur Fighter on Nov 10, 2023.
             Slain by a vault guard
             ... wielding a +0 war axe
              (17 damage)
             ... on level 13 of the Dungeon.
             The game lasted 00:19:42 (14571 turns).

Malachi the Tortoise (Armataur Fighter)            Turns: 14571, Time: 00:19:42

Health: -2/127     AC: 21    Str: 26    XL:     13   Next: 18%
Magic:  13/13      EV: 11    Int:  9    God:
Gold:   1183       SH:  7    Dex: 15    Spells: 12/12 levels left

rFire   . . .        r - +9 flail "Ykkeis" {distort, *Noise +Blink Fly Dex+5}
rCold   . . .        W - +2 buckler
rNeg    + . .        w - +0 plate armour
rPois   .            v - +0 hat
rElec   .            V - +2 cloak
rCorr   .            s - +0 pair of gloves
SInv    .            (no barding)
Will    .....        (no amulet) Stlth
                     f - ring of positive energy
HPRegen 0.41/turn    t - +5 ring of evasion
MPRegen 0.13/turn

%: roll
@: mighty, flying
A: large, rugged brown scales 3, deformed body, armoured tail, roll, long
tongue, awkward tongue
a: Evoke Blink


You were on level 13 of the Dungeon.
You visited 2 branches of the dungeon, and saw 14 of its levels.

You collected 1395 gold pieces.
You spent 212 gold pieces at shops.

Inventory:

Hand Weapons
 r - the +9 flail "Ykkeis" (weapon) {distort, *Noise +Blink Fly Dex+5}
   (You bought it in a shop on level 3 of the Dungeon)

   Dex+5:     It affects your dexterity (+5).
   Fly:       It grants you flight.
   +Blink:    It lets you blink.
   *Noise:    It may make a loud noise when swung.
 z - a +7 spear of venom
Missiles
 n - a throwing net
 E - 12 boomerangs
 I - a curare-tipped dart
Armour
 a - an orb of mayhem
 s - a +0 pair of gloves (worn)
 v - a +0 hat (worn)
 w - a +0 plate armour (worn)
 J - +0 ice dragon scales
 V - a +2 cloak (worn)
 W - a +2 buckler (worn)
Jewellery
 f - a ring of positive energy (left hand)
 t - a +5 ring of evasion (right hand)
 H - a ring of wizardry
 L - an amulet of magic regeneration
 O - a +6 ring of intelligence
Wands
 D - a wand of quicksilver (6)
 G - a wand of polymorph (12)
 K - a wand of flame (7)
 T - a wand of roots (5)
 U - a wand of mindburst (8)
Scrolls
 b - 4 scrolls of immolation
 h - 5 scrolls of fog
 i - 7 scrolls of teleportation
 o - 2 scrolls of blinking
 u - a scroll of identify
 x - a scroll of brand weapon
 y - 2 scrolls of poison
 B - 2 scrolls of amnesia {unknown}
 C - a scroll of vulnerability {unknown}
 N - 2 scrolls of revelation {unknown}
 S - a scroll of enchant armour {unknown}
Potions
 d - a potion of might
 e - a potion of degeneration {unknown}
 g - 5 potions of mutation
 j - 8 potions of curing
 k - 3 potions of ambrosia
 l - a potion of attraction
 m - 2 potions of lignification
 p - 2 potions of berserk rage
 q - 2 potions of enlightenment
 A - 2 potions of invisibility {unknown}
 F - a potion of haste {unknown}
 P - 2 potions of resistance {unknown}
 Q - a potion of cancellation {unknown}
 R - a potion of brilliance {unknown}
Miscellaneous
 M - a phantom mirror


   Skills:
 + Level 12.5 Fighting
 - Level 14.0 Maces & Flails
 + Level 17.3 Armour
 - Level 3.2 Shields


You had 12 spell levels left.
You didn't know any spells.
Your spell library contained the following spells:

 Spells                   Type           Power      Damage    Failure   Level
 Apportation              Tloc           0%         N/A       96%         1
 Freeze                   Ice            0%         1d3       96%         1
 Kiss of Death            Conj/Necr      0%         2d5       96%         1
 Magic Dart               Conj           0%         1d3       96%         1
 Necrotise                Necr           0%         1d4       96%         1
 Sandblast                Erth           0%         2d4       96%         1
 Summon Small Mammal      Summ           0%         N/A       96%         1
 Call Imp                 Summ           0%         N/A       99%         2
 Cigotuvi's Dreadful Rot  Necr/Pois/Air  0%         N/A       99%         2
 Ensorcelled Hibernation  Hex/Ice        0%         N/A       99%         2
 Passwall                 Tmut/Erth      0%         N/A       99%         2
 Searing Ray              Conj           0%         2d4       99%         2
 Confusing Touch          Hex            0%         N/A       100%        3
 Dazzling Flash           Conj/Hex       0%         N/A       100%        3
 Frozen Ramparts          Ice            0%         1d1       100%        3
 Gell's Gravitas          Tloc           0%         N/A       100%        3
 Hailstorm                Conj/Ice       0%         3d3       100%        3
 Ignite Poison            Fire/Tmut/Pois 0%         N/A       100%        3
 Inner Flame              Hex/Fire       0%         N/A       100%        3
 Mephitic Cloud           Conj/Pois/Air  0%         N/A       100%        3
 Ozocubu's Armour         Ice            0%         N/A       100%        3
 Stone Arrow              Conj/Erth      0%         3d7       100%        3
 Swiftness                Air            0%         N/A       100%        3
 Teleport Other           Tloc           0%         N/A       100%        3
 Tukima's Dance           Hex            0%         N/A       100%        3
 Brom's Barrelling Bould  Conj/Erth      0%         2d3       100%        4
 Dispel Undead            Necr           0%         3d6       100%        4
 Flame Wave               Conj/Fire      0%         2d4       100%        4
 Fulminant Prism          Conj/Hex       0%         3d5       100%        4
 Leda's Liquefaction      Hex/Erth       0%         N/A       100%        4
 Passage of Golubria      Tloc           0%         N/A       100%        4
 Sticky Flame             Conj/Fire      0%         2d3       100%        4
 Agony                    Necr           0%         N/A       100%        5
 Freezing Cloud           Conj/Ice/Air   0%         6-21      100%        5
 Lee's Rapid Deconstruct  Erth           0%         3d4*      100%        5
 Silence                  Hex/Air        0%         N/A       100%        5
 Yara's Violent Unravell  Hex/Tmut       0%         3d3       100%        5
 Bombard                  Conj/Erth      0%         9d1       100%        6
 Dispersal                Tloc           0%         N/A       100%        6
 Enfeeble                 Hex            0%         N/A       100%        7
 Ozocubu's Refrigeration  Ice            0%         4d7       100%        7
 Lehudib's Crystal Spear  Conj/Erth      0%         10d2      100%        8


Dungeon Overview and Level Annotations

Branches:
Dungeon (13/15)            Temple (1/1) D:4            Lair (0/5) D:10
    Orc (0/2) D:12         Vaults (0/5) D:13

Altars:
Ashenzari
Cheibriados
Dithmenos
Elyvilon
Fedhas
Gozag
Hepliaklqana
Kikubaaqudgha
Makhleb
Nemelex Xobeh
Okawaru
Qazlal
Ru
Sif Muna
Trog
Uskayaw
Vehumet
Wu Jian
Xom
Yredelemnul
Zin
The Shining One

Shops:
D:3 (   D:5 (   D:8 !

Annotations:
Abyss:1 Colgate's ghost, journeyman TrSh


Innate Abilities, Weirdness & Mutations

You are completely covered in rugged brown scales. (AC +3, +7% HP)
Armour fits poorly on your strangely shaped body.
You have a long armoured tail.
You roll when moving toward enemies. (Rampage)
Your long tongue fully drains potion bottles. (2x potion effects)
Your tongue gives you trouble enunciating. (1.5x scroll delay)


Message History

The vault guard is moderately wounded.
The vault guard hits you but does no damage.
Unknown command.
You closely miss the vault guard.
The vault guard is moderately wounded.
You block the vault guard's attack.
You hit the vault guard.
The vault guard is moderately wounded.
The vault guard barely misses you.
You barely miss the vault guard. You tail-slap the vault guard!
The vault guard is heavily wounded.
You hit the vault guard.
Space warps around the vault guard.
The vault guard is heavily wounded.
The vault guard hits you with a +0 war axe!
You sock the vault guard!
The vault guard is severely wounded.
The vault guard hits you with a +0 war axe!
* * * LOW HITPOINT WARNING * * *
You closely miss the vault guard.
The vault guard is severely wounded.
The vault guard hits you with a +0 war axe!
* * * LOW HITPOINT WARNING * * *
You hit the vault guard but do no damage.
Space warps around the vault guard.
You tail-slap the vault guard, but do no damage.
The vault guard is severely wounded.
Unknown command.
You feel very mighty all of a sudden.
You slurp down every last drop of the potion of might!
The vault guard hits you with a +0 war axe!
* * * LOW HITPOINT WARNING * * *
You hit the vault guard.
The vault guard is severely wounded.
The vault guard hits you with a +0 war axe.
* * * LOW HITPOINT WARNING * * *
You hit the vault guard.
Space warps horribly around the vault guard!
The vault guard is severely wounded.
The vault guard hits you with a +0 war axe!
You die...

#.####....##.#. #.#
#....##.#. ## #.#
####.##.#. ##.. #.#
#.##.#. #...### #.#
#.##.#. ..D.))# #.#
#.##.#. ....#.# #.#
#.##.#.
....#)#############.#
#.##.#.
#....).......pDp@...#
#.##.#.
##..#[###############
#....#. ##...#
######. #...# #.
#..#.# #. #...#.# #.
......# #. ... .## ##
### #


You could see a seven-headed hydra and 2 vault guards.

Vanquished Creatures
  Kirke (D:13)
  3 centaur warriors
  3 two-headed ogres
  A boulder beetle (D:12)
  Nergalle (D:10)
  Lodul (D:12)
  3 orc knights
  A deep elf pyromancer (D:13)
  4 ugly things
  4 cyclopes
  Maurice (D:12)
  2 gargoyles
  A tengu conjurer (D:13)
  6 trolls
  5 slime creatures
  2 shadows
  2 wraiths
  11 yaks
  5 hogs (D:13)
  A steam dragon (D:9)
  10 vampire mosquitoes
  Menkaure (D:5)
  An acid dragon (D:11)
  2 water moccasins
  Duvessa (D:5)
  11 orc warriors
  A sky beast (D:6)
  An ice beast (D:6)
  2 black bears
  10 ogres
  2 phantoms (D:4)
  10 centaurs
  3 kobold brigands
  4 bullfrogs
  5 gnoll sergeants
  2 scorpions
  Dowan (D:5)
  13 killer bees
  7 howler monkeys
  A crimson imp (D:4)
  7 hounds
  Crazy Yiuf (D:5)
  12 orc priests
  A jelly (D:6)
  2 iguanas
  12 orc wizards
  A hound zombie (D:3)
  3 hound skeletons (D:3)
  19 gnolls
  5 adders
  2 white imps
  3 dart slugs
  36 orcs
  2 bats
  5 endoplasms
  4 giant cockroaches
  9 goblins
  9 hobgoblins
  4 jackals
  10 quokkas
  2 ball pythons
  A ball python skeleton (D:3)
  5 frilled lizards
  A giant cockroach zombie (D:3)
  18 kobolds
  A quokka zombie (D:3)
  3 rats
324 creatures vanquished.

Notes
Turn   | Place    | Note
-------+----------+-------------------------------------------
     0 | D:1      | Malachi the Armataur Fighter began the quest for the Orb.
     0 | D:1      | Reached XP level 1. HP: 19/19 MP: 1/1
   221 | D:1      | Reached XP level 2. HP: 26/26 MP: 2/2
   781 | D:2      | Reached XP level 3. HP: 29/32 MP: 3/3
  1266 | D:2      | Reached XP level 4. HP: 39/39 MP: 4/4
  1765 | D:3      | Found a shimmering altar of Xom.
  1765 | D:3      | Found a shadowy altar of Dithmenos.
  2184 | D:3      | Found a shimmering blue altar of Sif Muna.
  2215 | D:3      | Reached XP level 5. HP: 42/44 MP: 5/5
  2241 | D:3      | Found Duamal's Antique Weapon Boutique.
  2251 | D:3      | Bought a polished flail for 212 gold pieces
  2251 | D:3      | Identified the +9 flail "Ykkeis" {distort, *Noise +Blink
                  | Fly Dex+5} (You bought it in a shop on level 3 of the
                  | Dungeon)
  2355 | D:4      | Found a glowing silver altar of Zin.
  2433 | D:4      | Reached skill level 5 in Maces & Flails
  2445 | D:5      | Entered Level 5 of the Dungeon
  2783 | D:5      | Noticed an ogre
  2788 | D:5      | Killed an ogre
  2973 | D:5      | Noticed Dowan
  2985 | D:5      | Killed Dowan
  2986 | D:5      | Reached XP level 6. HP: 49/53 MP: 6/6
  2997 | D:5      | Found Leqierho's Weapon Emporium.
  3079 | D:5      | Noticed Menkaure
  3085 | D:5      | Killed Menkaure
  3138 | D:5      | Reached XP level 7. HP: 20/59 MP: 7/7
  3508 | D:5      | Found a runed translucent door.
  3509 | D:5      | Noticed Crazy Yiuf
  3592 | D:5      | Noticed Duvessa
  3599 | D:5      | Killed Duvessa
  4281 | D:5      | Killed Crazy Yiuf
  4601 | D:4      | Found a staircase to the Ecumenical Temple.
  4809 | D:4      | Found a radiant altar of Vehumet.
  4810 | D:4      | Found a burning altar of Makhleb.
  4813 | D:4      | Reached XP level 8. HP: 64/67 MP: 8/8
  4849 | Temple   | Entered the Ecumenical Temple
  5271 | D:6      | Found an ancient bone altar of Kikubaaqudgha.
  5356 | D:6      | Noticed a two-headed ogre
  5365 | D:6      | Killed a two-headed ogre
  5366 | D:6      | Reached skill level 5 in Fighting
  5713 | D:6      | Reached XP level 9. HP: 74/80 MP: 9/9
  6113 | D:7      | Reached skill level 10 in Maces & Flails
  6430 | D:7      | Identified a scroll of acquirement
  7159 | D:7      | Acquired a manual of Armour
  7196 | D:8      | Reached skill level 4 in Armour
  7230 | D:8      | Found a bloodstained altar of Trog.
  7342 | D:8      | Found a transporter.
  7355 | D:8      | Noticed a two-headed ogre
  7360 | D:8      | Killed a two-headed ogre
  7361 | D:8      | Reached skill level 5 in Armour
  7361 | D:8      | Reached XP level 10. HP: 79/94 MP: 10/10
  7435 | D:8      | Found Negh's Distillery.
  7458 | D:8      | Found a transporter.
  7464 | D:8      | Found a transporter.
  7465 | D:8      | Found a transporter.
  7532 | D:8      | Reached skill level 6 in Armour
  8297 | D:9      | Identified the +2 long sword of the Firefly {elec, *Corrode
                  | rElec rN+++ Int-2}
  8320 | D:9      | Reached skill level 7 in Armour
  8816 | D:9      | Reached skill level 8 in Armour
  8873 | D:10     | Entered Level 10 of the Dungeon
  8951 | D:10     | Noticed Nergalle
  8961 | D:10     | Killed Nergalle
  8962 | D:10     | Reached skill level 9 in Armour
  9228 | D:10     | Reached skill level 10 in Armour
  9271 | D:10     | Reached XP level 11. HP: 93/103 MP: 11/11
  9284 | D:10     | Noticed a catoblepas
  9292 | D:10     | Banished a catoblepas
  9362 | D:10     | Noticed a brown ugly thing
  9377 | D:10     | Killed a brown ugly thing
  9453 | D:10     | Noticed an orc knight
  9461 | D:10     | Killed an orc knight
  9462 | D:10     | Reached skill level 11 in Armour
  9629 | D:10     | Noticed a centaur warrior
  9681 | D:10     | Killed a centaur warrior
  9824 | D:10     | Noticed a two-headed ogre
  9834 | D:10     | Killed a two-headed ogre
  9934 | D:10     | Reached skill level 10 in Fighting
 10022 | D:10     | Noticed an orc knight
 10032 | D:10     | Killed an orc knight
 10033 | D:10     | Reached skill level 12 in Armour
 10073 | D:10     | Identified the staff "Gidwed" {rF- rCorr SInv Conj}
 10321 | D:10     | Found a staircase to the Lair.
 10370 | D:10     | Found a sparkling altar of Nemelex Xobeh.
 10875 | D:11     | Reached skill level 13 in Armour
 10964 | D:11     | Noticed a two-headed ogre
 10976 | D:11     | Banished a two-headed ogre
 11185 | D:11     | Found a runed translucent door.
 11186 | D:11     | Noticed Colgate's ghost (journeyman TrSh)
 11246 | D:11     | Banished Colgate's ghost
 11506 | D:11     | Noticed a green ugly thing
 11516 | D:11     | Killed a green ugly thing
 11517 | D:11     | Reached skill level 14 in Armour
 11517 | D:11     | Reached XP level 12. HP: 115/115 MP: 12/12
 11861 | D:12     | Noticed a boulder beetle
 11890 | D:12     | Killed a boulder beetle
 11894 | D:12     | Noticed Lodul
 11895 | D:12     | Noticed Maurice
 12466 | D:13     | Noticed a centaur warrior
 12472 | D:13     | Killed a centaur warrior
 12673 | D:12     | Reached skill level 15 in Armour
 12891 | D:12     | Killed Lodul
 12895 | D:12     | Killed Maurice
 13146 | D:12     | Found a staircase to the Orcish Mines.
 13368 | D:12     | Reached skill level 16 in Armour
 13674 | D:13     | Noticed a boulder beetle
 13684 | D:13     | Banished a boulder beetle
 13894 | D:13     | Found a gate to the Vaults.
 13894 | D:13     | Noticed a vault guard
 13894 | D:13     | Noticed a vault guard
 13894 | D:13     | Noticed a vault guard
 13894 | D:13     | Noticed a seven-headed hydra
 13894 | D:13     | Noticed a vault guard
 13894 | D:13     | Noticed a boulder beetle
 13908 | D:13     | Banished a vault guard
 14105 | D:13     | Noticed Kirke
 14123 | D:13     | Reached XP level 13. HP: 120/126 MP: 13/13
 14254 | D:13     | Killed Kirke
 14255 | D:13     | Reached skill level 17 in Armour
 14571 | D:13     | Slain by a vault guard

Illustrated notes

Levels and vault maps discovered:
D:1:      shiori_shiawase, layout_loops_cross
D:2:      minmay_spotlight, layout_basic
D:3:      layout_loops_cross, lemuel_blue_sif_altar,
          chequers_temple_overflow_statue_of_worship, serial_undead,
          serial_undead_e, serial_undead_d, serial_undead_a, serial_undead_f,
          serial_undead_b, serial_shops, nicolae_shop_stone, grunt_ministairs_2
D:4:      layout_cave_pools, grunt_temple_overflow_lords_of_destruction,
          mainiacjoe_overflow_paths, minmay_temple_entry_hall,
          minmay_three_crescents
D:5:      layout_basic, serial_shops, shop, uniq_crazy_yiuf_cottage,
          uniq_duvessa, uniq_menkaure
D:6:      layout_gridville, kiku_gazebo_garden_becter
D:7:      layout_cave_pools, serial_gnoll_camp, gnoll_camp_mini_hut,
          gnoll_camp_mini_basic, gnoll_camp_mini_house, gnoll_camp_mini_basic,
          gnoll_camp_mini_house, gnoll_camp_mini_loothouse, supply_closet_lemuel
D:8:      layout_loops_cross, nicolae_overflow_hidden_temple, serial_shops,
          shop, hangedman_decor_opposing, st_stairs_13,
          nicolae_transporter_circle
D:9:      layout_loops_cross
D:10:     layout_big_octagon, nicolae_overflow_crystal_walls, lair_entry_dummy,
          nicolae_doodle_vault, uniq_nergalle
D:11:     layout_roguey, hellmonk_ghost_happy_afterlife
D:12:     layout_loops_ring, orc_0_dummy, special_room [special_room_orc],
          kennysheep_dice, uniq_lodul, uniq_maurice
D:13:     kennysheep_spiral_hall, layout_basic,
          lightli_vaults_fourway_checkpoint, uniq_kirke
Temple:   compressed_dpeg_triangle_lava_temple

Skill      XL: |  1  2  3  4  5  6  7  8  9 10 11 12 13 |
---------------+----------------------------------------+-----
Maces & Flails | 2 3 4 5 7 8 9 11 12 14 | 14.0
Fighting       | 3 5 8 9 10 12 | 12.5
Armour         | 5 10 14 16 17 | 17.3
Shields        | |  3.2

Action                     |  1- 3 |  4- 6 |  7- 9 | 10-12 | 13-15 || total
---------------------------+-------+-------+-------+-------+-------++-------
  Melee: Flail             |   107 |    80 |   185 |   502 |    57 ||   931
         Tailslap          |     7 |     4 |    20 |    72 |     9 ||   112
         Unarmed           |       |       |       |       |     5 ||     5
  Evoke: Wand              |       |       |     1 |       |       ||     1
    Use: Scroll            |       |       |    15 |     2 |       ||    17
         Potion            |       |       |       |     1 |     1 ||     2
 Armour: Scale mail        |    47 |       |       |       |       ||    47
         Chain mail        |    28 |    65 |   100 |     2 |       ||   195
         Plate armour      |       |       |       |   301 |    57 ||   358
         Ice dragon scales |       |       |       |    20 |       ||    20
         Skin              |       |       |       |       |     2 ||     2
  Dodge: Dodged            |    29 |    22 |    78 |   185 |    34 ||   348
  Block: Buckler           |    19 |    18 |    25 |    82 |    27 ||   171

Table legend: (Time is in decaauts)
 A = Elapsed time spent in this place.
 B = Non-inter-level travel time spent in this place.
 C = Inter-level travel time spent in this place.
 D = Time resting spent in this place.
 E = Time spent auto-exploring this place.
 F = Levels seen in this place.
 G = Mean time per level.
                   A        B        C        D        E       F      G
               +--------+--------+--------+--------+--------+-----+--------+
         Total |  14503 |  14065 |    438 |   3286 |   8199 |  14 | 1035.9 |
       Dungeon |  14426 |  14000 |    426 |   3286 |   8199 |  13 | 1109.7 |
        Temple |     76 |     65 |     11 |      0 |      0 |   1 |   76.0 |
               +--------+--------+--------+--------+--------+-----+--------+

Top non-repeatable levels by time:
     D:5: 1934 daAuts
    D:10: 1750 daAuts
    D:13: 1701 daAuts
    D:11: 1165 daAuts
     D:7: 1093 daAuts
     D:6: 1058 daAuts
    D:12: 983 daAuts
     D:8: 908 daAuts
     D:2: 867 daAuts
     D:9: 789 daAuts
     D:3: 771 daAuts
     D:1: 754 daAuts
     D:4: 650 daAuts
  Temple: 76 daAuts
